 Dungeon Crawl Stone Soup version 0.32-a0-571-gec57dfcd37 (webtiles) character file.

Game seed: 17820177119326506066

3775 TheMeInTeam the Slicer (level 10, -4/66 HPs)
             Began as an Octopode Warper on Feb 29, 2024.
             Was a Follower of Hepliaklqana.
             Killed from afar by a steam dragon (19 damage)
             ... with a ball of steam
             ... on level 6 of the Dungeon on Mar 1, 2024.
             The game lasted 00:28:10 (9463 turns).

TheMeInTeam the Slicer (Octopode Warper)            Turns: 9463, Time: 00:28:11

Health: -4/66      AC:  1    Str: 19    XL:     10   Next: 16%
Magic:  22/22      EV: 15    Int: 16    God:    Hepliaklqana [*.....]
Gold:   688        SH:  0    Dex: 21    Spells: 4/13 levels left

rFire   . . .        a - +2 dagger (venom)
rCold   . . .        (no shield)
rNeg    . . .        (helmet restricted)
rPois   .            (no amulet)
rElec   .            g - ring of magical power
rCorr   .            i - +6 ring of strength
SInv    .            l - ring "Kejirumatt" {Wiz Str+2 Stlth+}
Will    .....        y - +6 ring of dexterity
Stlth   ++++         (no ring)
HPRegen 0.31/turn    (no ring)
MPRegen 0.18/turn    (no ring)
                     (no ring)

%: wizardry (x1)
@: no status effects
A: reduced essence, almost no armour, amphibious, 8 rings, camouflage 1,
gelatinous body 1, (nimble swimmer 1), tentacles
a: Renounce Religion, Recall Ancestor, Ancestor Identity


You were on level 6 of the Dungeon.
You worshipped Hepliaklqana.
Hepliaklqana was aware of your devotion.
You visited 2 branches of the dungeon, and saw 9 of its levels.

You collected 688 gold pieces.

Inventory:

Hand Weapons
 a - a +2 dagger of venom (weapon)
 e - a +2 dagger of freezing
 r - a +1 antimagic dagger
 w - a +1 dagger of speed
Missiles
 c - 7 darts of dispersal
 k - 15 poisoned darts (quivered)
 u - 5 atropa-tipped darts
 D - 4 datura-tipped darts
 H - 2 throwing nets
Armour
 t - the +1 kite shield of the Durable Mpinguari {rN+ rCorr}
   (You found it on level 4 of the Dungeon)

   rN+:       It protects you from negative energy.
   rCorr:     It protects you from acid and corrosion.
Magical Staves
 f - a staff of alchemy
Jewellery
 g - a ring of magical power (left tentacle)
 i - a +6 ring of strength (right tentacle)
 l - the ring "Kejirumatt" (on tentacle) {Wiz Str+2 Stlth+}
   (You found it on level 2 of the Dungeon)

   [ring of wizardry]

   Wiz:       It improves your spell success rate.
   Str+2:     It affects your strength (+2).
   Stlth+:    It makes you more stealthy.
 y - a +6 ring of dexterity (on tentacle)
Scrolls
 b - a scroll of amnesia {unknown}
 d - 2 scrolls of fog
 j - a scroll of brand weapon {unknown}
 n - a scroll of enchant weapon {unknown}
 p - a scroll of fear {unknown}
 v - a scroll of teleportation
 E - a scroll of vulnerability {unknown}
 F - a scroll of poison
Potions
 h - a potion of might
 o - 2 potions of cancellation
 q - 2 potions of enlightenment
 s - 2 potions of ambrosia
 z - 5 potions of brilliance
 A - a potion of mutation {unknown}
 B - a potion of lignification {unknown}
 C - a potion of berserk rage {unknown}
 G - a potion of degeneration {unknown}


   Skills:
 * Level 9.2 Fighting
 * Level 9.3 Short Blades
 - Level 1.0 Throwing
 + Level 4.0 Dodging
 - Level 2.0 Stealth
 + Level 5.3 Shields
 - Level 2.0 Spellcasting
 - Level 3.0 Translocations


You had 4 spell levels left.
You knew the following spells:

 Your Spells              Type           Power      Damage    Failure   Level
b - Lesser Beckoning      Tloc           22%        N/A       3%          2
e - Call Imp              Summ           2%         N/A       12%         2
h - Teleport Other        Tloc           11%        N/A       8%          3
s - Blink                 Tloc           22%        N/A       3%          2

Your spell library contained the following spells:

 Spells                   Type           Power      Damage    Failure   Level
 Gell's Gravitas          Tloc           11%        N/A       8%          3
 Magic Dart               Conj           4%         1d3       9%          1
 Tukima's Dance           Hex            1%         N/A       24%         3
 Manifold Assault         Tloc           11%        N/A       24%         4
 Passage of Golubria      Tloc           11%        N/A       24%         4
 Vhi's Electric Charge    Tloc/Air       12%        N/A       38%         4
 Yara's Violent Unravell  Hex/Alch       0%         3d3       89%         5


Dungeon Overview and Level Annotations

Branches:
Dungeon (8/15)             Temple (1/1) D:5
   Lair: D:8-11

Altars:
Ashenzari
Cheibriados
Dithmenos
Elyvilon
Fedhas
Gozag
Hepliaklqana
Kikubaaqudgha
Makhleb
Nemelex Xobeh
Okawaru
Ru
Sif Muna
Trog
Uskayaw
Vehumet
Wu Jian
Xom
Zin
The Shining One

Annotations:
D:6 Eustachio
D:8 exclusion: troll


Innate Abilities, Weirdness & Mutations

Your life essence is reduced to manifest your ancestor. (-10% HP)
You cannot wear most types of armour.
You are amphibious.
You can wear up to eight rings at the same time.
Your skin changes colour to match your surroundings (Stealth+).
Your rubbery body absorbs attacks. (AC +1, EV +1)
((You are camouflaged when in or above water. (Stealth+)))
You have tentacles for arms and can constrict up to eight enemies at once.


Message History

There are monsters nearby!
You swap places.
Partly explored, can't reach some items and places.
Partly explored, can't reach some items and places.
Partly explored, can't reach some items and places.
Search for what [? for help]? .
What level of the Dungeon? (default 7, ? - help)
You see here a +0 short sword.
You see here a +0 halberd.
Items here: ( ))))) [[ ÷.
Things that are here:
a +0 robe; a +0 dagger
Items here: ))) [[.
There is a stone staircase leading up, spattered with blood here.
You climb upwards.
There is a stone staircase leading down here.
You swap places.
There is a stone staircase leading up here.
You climb upwards.
Level annotation: exclusions: ice beast and steam dragon, Eustachio
There is a stone staircase leading down here.
There is a stone staircase leading up here.
You climb upwards.
There is a stone staircase leading down here.
There is a stone staircase leading up, spattered with blood here.
You climb upwards.
Level annotation: exclusion: ogre
There is a stone staircase leading down here.
Level map cleared.
There is an open door here.
A jelly is nearby!
A jelly is nearby!
A jelly is nearby!
The jelly barely misses you.
You hit the jelly. The acid corrodes you!
Your tentacles burn!
You squeeze the jelly.
The jelly is severely wounded.
You hit the jelly but do no damage. The acid corrodes you!
Your tentacles burn!
You squeeze the jelly, but do no damage.
The jelly is severely wounded.
The jelly misses you.
You puncture the jelly!
You kill the jelly!
HP restored.
There is an open door here.
There is an open door here.
You swap places.
There is an open door here.
You are no longer corroded.
There is an open door here.
You swap places.
There is an open door here.
Things that are here:
a +0 robe; a hobgoblin skeleton An ogre is nearby!
An ogre is nearby!
No target in view!
There is an open door here.
What are your orders? t - Shout!
Orders for allies: a - Attack new target. r - Retreat! s - Stop attacking. g - Guard the area. f - Follow me.
Anything else - Cancel.
You shout for attention!
You hear a shout!
Useob hits the ogre.
The ogre barely misses Useob.
Useob barely misses the ogre.
Useob hits the ogre.
Useob hits the ogre.
Useob hits the ogre.
The ogre hits Useob with a +0 giant spiked club!
Useob hits the ogre.
The ogre hits Useob with a +0 giant spiked club!!
Useob is destroyed!
You catch the helpless ogre completely off-guard!
You impale the ogre!!
You kill the ogre!
There is a stone staircase leading down here.
There is a stone staircase leading down here.
You see here a +0 mace.
You now have 688 gold pieces (gained 17).
Useob emerges from the mists of memory!
You swap places.
You see here an iguana skeleton.
As you open the door, it creaks loudly!
There is an open door, spattered with blood here.
You see here a +0 club.
You swap places.
There is an open door, spattered with blood here.
You see here a +0 club.
There is an open door here.
There is an open door here.
There is an open door here.
There is an open door here.
You swap places.
There is an open door here.
You see here a +0 leather armour.
You swap places.
You see here a +0 leather armour.
There is an open door here.
There is an open door here.
There is an open door here.
There is an open door here.
There is an open door here.
Key pressed, stopping explore.
There is an open door here.
There is a stone staircase leading down here.
Done exploring.
Done exploring.
Done exploring.
Okay, then.
Search for what [Enter for "."]? .
Done exploring.
You swap places.
There is a stone staircase leading down here.
You climb downwards.
There is a stone staircase leading up, spattered with blood here.
Done exploring.
Done exploring.
There is a stone staircase leading down here.
You climb downwards.
Level annotation: exclusions: ice beast and steam dragon, Eustachio
There is a stone staircase leading up here.
Partly explored, can't reach some items and places.
You swap places.
Throw: 16 darts (poison)
Press: ? - help, Q - select action, (/) - cycle Shift-Dir - straight line, f - ice beast
Aim: an ice beast (asleep, ally target, 98% to hit)
You throw a poisoned dart. The poisoned dart hits the ice beast.
Useob closely misses the ice beast.
Useob barely misses the ice beast.
Useob hits the ice beast!
Something bites Useob.
Something closely misses Useob.
What are your orders? t - Shout!
Orders for allies: a - Attack new target. p - Attack previous target. r - Retreat! s - Stop attacking. g - Guard the area. f - Follow me.
Anything else - Cancel.
Gang up on whom?
Press: ? - help, Dir - move target, f - steam dragon, p - ice beast
Aim: a steam dragon Attack!
Useob hits the steam dragon.
The steam dragon bites Useob!
The steam dragon claws Useob.
Useob hits the steam dragon.
You hit the ice beast but do no damage. You squeeze the ice beast.
The ice beast is heavily wounded.
The steam dragon bites Useob.
The steam dragon barely misses Useob.
The ice beast barely misses you.
You barely miss the ice beast. You squeeze the ice beast.
The ice beast is heavily wounded.
Useob hits the steam dragon but does no damage.
The steam dragon bites Useob.
The steam dragon claws Useob.
You hit the ice beast but do no damage.
The ice beast is heavily wounded.
The ice beast hits you. The ice beast freezes you!
You hit the ice beast.
The ice beast is severely wounded.
Useob hits the steam dragon.
The steam dragon bites Useob.
The steam dragon claws Useob.
You hit the ice beast but do no damage.
The ice beast is severely wounded.
The ice beast barely misses you.
You completely miss the ice beast.
The ice beast is severely wounded.
Useob hits the steam dragon but does no damage.
The steam dragon closely misses Useob.
The steam dragon claws Useob.
The ice beast hits you. The ice beast freezes you!
You hit the ice beast but do no damage. You squeeze the ice beast.
The ice beast is almost dead.
You hit the ice beast but do no damage.
The ice beast is almost dead.
Useob completely misses the steam dragon.
The steam dragon barely misses Useob.
The steam dragon closely misses Useob.
The ice beast hits you. The ice beast freezes you!
You are too injured to fight recklessly!
You closely miss the ice beast.
The ice beast is almost dead.
You hit the ice beast but do no damage.
The ice beast is almost dead.
Useob hits the steam dragon!
The steam dragon closely misses Useob.
The steam dragon claws Useob.
The ice beast hits you. The ice beast freezes you!
* * * LOW HITPOINT WARNING * * *
Okay, then.
Okay, then.
You aren't carrying any items that you can evoke.
Unknown command.
Okay, then.
You closely miss the ice beast. You squeeze the ice beast.
You kill the ice beast!
Your Dodging skill increases to level 4!
Useob hits the steam dragon.
The steam dragon breathes steam at Useob.
The ball of steam hits Useob!
Useob resists.
Useob is destroyed!
The ball of steam hits you!!
You die...
Hepliaklqana delivers you to your ancestors.

###
##.#####............##.##..#
##.# #........###.#...#...
##>.# #...D....# #.........
#...## ##.......# ##........
##...######......######......
#####[..................#.....
##.........##.§....#....###....
#.......#.####§....#.<..#.)....
##......#)####@................
###........##.................
##.###.#............#..##...
### ###............######..
#......)....#.## ##.
##..........### ##
###............###
#..........[.....#
#.....##....#..###


There were no monsters in sight!

Vanquished Creatures
  Amaemon (D:8)
  An orange demon (D:8)
  Prince Ribbit (D:7)
  A steam dragon (D:8)
  A black bear (D:5)
  An orc warrior (D:8)
  2 ice beasts
  A sky beast (D:7)
  A centaur (D:7)
  An ogre (D:4)
  A kobold brigand (D:7)
  4 bullfrogs
  4 scorpions
  3 wights
  2 howler monkeys
  A hound (D:7)
  2 jellies
  2 orc priests
  2 gnoll boudas
  3 iguanas
  4 sleepcaps
  Terence (D:3)
  7 orc wizards
  Robin (D:1)
  6 gnolls
  6 adders
  A ribbon worm (D:2)
  A dart slug (D:4)
  19 orcs
  4 bats
  2 bat zombies (D:4)
  4 endoplasms
  3 giant cockroaches
  11 goblins
  13 hobgoblins
  13 kobolds
  A quokka (D:2)
  4 ball pythons
  4 frilled lizards
  A frilled lizard zombie (D:4)
  2 rats
143 creatures vanquished.

Vanquished Creatures (collateral kills)
  An acid dragon (D:8)
  A water moccasin (D:8)
  A centaur (D:8)
  A wight (D:7)
  2 orc priests (D:8)
  2 gnolls (D:8)
  A shadow imp (D:7)
  5 orcs (D:8)
14 creatures vanquished.

Vanquished Creatures (others)
  7 ancestors
7 creatures vanquished.

Grand Total: 164 creatures vanquished

Notes
Turn   | Place    | Note
-------+----------+-------------------------------------------
     0 | D:1      | TheMeInTeam the Octopode Warper began the quest for the
                  | Orb.
     0 | D:1      | Reached XP level 1. HP: 14/14 MP: 3/3
   454 | D:1      | Reached XP level 2. HP: 19/19 MP: 5/5
   466 | D:1      | Reached skill level 1 in Stealth
   601 | D:2      | Noticed Robin
   667 | D:1      | Reached XP level 3. HP: 19/25 MP: 6/6
   956 | D:1      | Killed Robin
   966 | D:1      | Reached XP level 4. HP: 23/31 MP: 7/7
  1076 | D:2      | Identified the ring "Kejirumatt" {Wiz Str+2 Stlth+}
  1334 | D:2      | Learned a level 2 spell: Blink
  1337 | D:2      | Learned a level 2 spell: Lesser Beckoning
  1496 | D:3      | Reached XP level 5. HP: 35/37 MP: 8/8
  1932 | D:3      | Noticed Terence
  1951 | D:3      | Killed Terence
  2018 | D:3      | Reached XP level 6. HP: 39/44 MP: 9/9
  2470 | D:4      | Identified the +1 kite shield of the Durable Mpinguari {rN+
                  | rCorr}
  2643 | D:4      | Found an ancient bone altar of Kikubaaqudgha.
  3114 | D:5      | Entered Level 5 of the Dungeon
  3281 | D:5      | Learned a level 3 spell: Teleport Other
  3295 | D:5      | Noticed a black bear
  3549 | D:5      | Reached skill level 5 in Short Blades
  3758 | D:5      | Reached skill level 5 in Fighting
  3758 | D:5      | Reached skill level 1 in Shields
  3868 | D:5      | Found a staircase to the Ecumenical Temple.
  4024 | Temple   | Entered the Ecumenical Temple
  4029 | Temple   | Became a worshipper of Hepliaklqana the Forgotten
  4102 | D:5      | Reached XP level 7. HP: 49/50 MP: 10/10
  4219 | D:5      | Found an ornate altar of the Wu Jian Council.
  4529 | D:6      | Noticed a steam dragon
  4539 | D:6      | Noticed Eustachio
  4881 | D:6      | Reached XP level 8. HP: 57/57 MP: 11/11
  5946 | D:7      | Reached * piety under Hepliaklqana
  6092 | D:7      | Noticed Prince Ribbit
  6108 | D:7      | Killed Prince Ribbit
  6208 | D:7      | Reached XP level 9. HP: 57/57 MP: 12/12
  6520 | D:7      | Learned a level 2 spell: Call Imp
  6520 | D:7      | Upgraded the game from 0.32-a0-560-g4c7f4391e0 to
                  | 0.32-a0-571-gec57dfcd37
  6697 | D:8      | Found a shimmering blue altar of Sif Muna.
  7146 | D:8      | Noticed Amaemon
  7661 | D:8      | Noticed a troll
  7837 | D:8      | Noticed an orange demon
  8399 | D:8      | Killed an orange demon
  8408 | D:8      | HP: 3/60 [Amaemon/+1 demon whip of venom (7)]
  8506 | D:8      | Killed Amaemon
  8507 | D:8      | Reached skill level 5 in Shields
  8507 | D:8      | Reached XP level 10. HP: 41/66 MP: 13/13
  9119 | D:4      | Found an ancient bone altar of Kikubaaqudgha.
  9463 | D:6      | Killed from afar by a steam dragon

Illustrated notes

Levels and vault maps discovered:
D:1:      dpeg_arrival_tiny_g, layout_rooms, minmay_misc_feat_five
D:2:      layout_rooms, uniq_robin
D:3:      layout_basic, st_stairs_6, uniq_terence
D:4:      layout_basic, lemuel_zombie_altar_kikubaaqudgha, st_stairs_14
D:5:      layout_rooms, mainiacjoe_overflow_24_doors,
          minmay_temple_entry_poolview
D:6:      layout_cave_pools, uniq_eustachio
D:7:      layout_basic, uniq_prince_ribbit1
D:8:      minmay_goldmine, layout_cave_pods, mainiacjoe_overflow_boulevard,
          uniq_amaemon
Temple:   sentei_temple_godly_chess

Skill      XL: |  1  2  3  4  5  6  7  8  9 10 |
---------------+-------------------------------+-----
Stealth        | 1 2 |  2.0
Fighting       | 3 4 5 7 9 |  9.2
Short Blades   | 3 4 5 6 7 9 |  9.3
Shields        | 1 2 3 5 |  5.3
Dodging        | 3 4 |  4.0
Throwing       | |  1.0
Spellcasting   | |  2.0
Translocations | |  3.0

Action                     |  1- 3 |  4- 6 |  7- 9 | 10-12 || total
---------------------------+-------+-------+-------+-------++-------
  Melee: Short sword       |     8 |       |       |       ||     8
         Constrict         |    24 |    34 |    36 |       ||    94
         Tentacles         |    16 |    37 |    50 |     6 ||   109
         Dagger            |    70 |   119 |   171 |    15 ||   375
  Throw: Stone             |     9 |       |       |       ||     9
         Dart              |       |     8 |    37 |     1 ||    46
   Cast: Teleport Other    |       |    15 |     7 |       ||    22
    Use: Potion            |     1 |     2 |     6 |       ||     9
         Scroll            |       |     5 |     6 |     1 ||    12
   Stab: Sleeping          |     3 |     7 |     2 |       ||    12
         Distracted        |       |     1 |     2 |     1 ||     4
 Armour: Skin              |    20 |    46 |    86 |     5 ||   157
  Dodge: Dodged            |    33 |    51 |    86 |     4 ||   174

Table legend: (Time is in decaauts)
 A = Elapsed time spent in this place.
 B = Non-inter-level travel time spent in this place.
 C = Inter-level travel time spent in this place.
 D = Time resting spent in this place.
 E = Time spent auto-exploring this place.
 F = Levels seen in this place.
 G = Mean time per level.
                   A        B        C        D        E       F      G
               +--------+--------+--------+--------+--------+-----+--------+
         Total |   9346 |   8539 |    807 |   1252 |   5073 |   9 | 1038.4 |
       Dungeon |   9335 |   8532 |    803 |   1252 |   5073 |   8 | 1166.9 |
        Temple |     10 |      6 |      4 |      0 |      0 |   1 |   10.0 |
               +--------+--------+--------+--------+--------+-----+--------+

Top non-repeatable levels by time:
     D:8: 1931 daAuts
     D:4: 1667 daAuts
     D:7: 1484 daAuts
     D:3: 1052 daAuts
     D:6: 1009 daAuts
     D:5: 820 daAuts
     D:1: 705 daAuts
     D:2: 663 daAuts
  Temple: 10 daAuts
